 Dungeon Sprint DCSS version 0.26.1-2-gb8aa6d0cf2 (webtiles) character file.

Game seed: 9703612678288599419

9200000 Groucho the Blood Saint (level 27, -53/247 (249) HPs)
             Began as a Demonspawn Abyssal Knight on Feb 14, 2021.
             Was the Champion of Makhleb.
             Annihilated by a sculptor of flesh
             ... wielding a +9 great sword
              (55 damage)
             ... in the Dungeon (Sprint VIII: "Arena of Blood").
             The game lasted 00:06:12 (92 turns).

Groucho the Blood Saint (Demonspawn Abyssal Knight)   Turns: 92, Time: 00:06:12

HP:   -53/247 (249) AC: 10    Str: 17    XL:     27
MP:   23/54         EV: 35    Int: 14    God:    Makhleb [******]
Gold: 0             SH:  0    Dex: 21    Spells: 80/80 levels left

rFire    . . .     SeeInvis .   i - +∞ Axe of Woe
rCold    + . .     Faith    .   (shield currently unavailable)
rNeg     . . .     Spirit   .   b - +0 leather armour
rPois    .         Reflect  .   (no helmet)
rElec    .         Harm     .   (no cloak)
rCorr    +         Rampage  .   (no gloves)
Will     ++...     NoTele   +   (boots unavailable)
Stlth    +++++++++.             (no amulet)
HPRegen  0.51/turn              (no ring)
MPRegen  0.34/turn              (no ring)

@: slowed, lightly drained, very slow
A: hooves 3, yellow scales 3, cold resistance 1, foul stench 2, icemail,
augmentation 3, miasma immunity, freezing cloud immunity
a: Renounce Religion, Minor Destruction, Lesser Servant of Makhleb, Major
Destruction, Greater Servant of Makhleb


You were in the Dungeon.
You worshipped Makhleb.
Makhleb was exalted by your worship.
You visited 1 branch

Inventory:

Hand Weapons
 a - a +1 hand axe
 i - the +∞ Axe of Woe (weapon)
   (You found it in the Dungeon)
Armour
 b - a +0 leather armour (worn)
Scrolls
 h - a scroll of blinking
Potions
 c - a potion of curing
 d - a potion of heal wounds
 e - a potion of haste
 f - 2 potions of magic
 g - a potion of berserk rage


   Skills:
 O Level 27 Fighting
 O Level 27 Short Blades
 O Level 27 Long Blades
 O Level 27 Axes
 O Level 27 Maces & Flails
 O Level 27 Polearms
 O Level 27 Staves
 O Level 27 Slings
 O Level 27 Bows
 O Level 27 Crossbows
 O Level 27 Throwing
 O Level 27 Armour
 O Level 27 Dodging
 O Level 27 Stealth
 O Level 27 Shields
 O Level 27 Unarmed Combat
 O Level 27 Spellcasting
 O Level 27 Conjurations
 O Level 27 Hexes
 O Level 27 Summonings
 O Level 27 Necromancy
 O Level 27 Translocations
 O Level 27 Transmutations
 O Level 27 Fire Magic
 O Level 27 Ice Magic
 O Level 27 Air Magic
 O Level 27 Earth Magic
 O Level 27 Poison Magic
 O Level 27 Invocations
 O Level 27 Evocations


You had 80 spell levels left.
You didn't know any spells.
Your spell library was empty.

Dungeon Overview and Level Annotations

Branches:
Dungeon (1/1)

Altars:
Makhleb


Innate Abilities, Weirdness & Mutations

You have hooves in place of feet.
You are completely covered in yellow scales. (AC +4, rCorr)
Your flesh is cold resistant. (rC+)
You frequently emit foul miasma when damaged in melee.
A meltable icy envelope protects you from harm. (AC +0)
Your magical and physical power is greatly enhanced at high health.
You are immune to miasma.
You are immune to freezing clouds.


Message History

The eight-headed meat hydra is engulfed in blazing flames.
The eight-headed meat hydra calls on the powers of darkness!
The eight-headed meat hydra convulses! x2
The eight-headed meat hydra roars!
The bag of meat convulses! x2; Your body is wracked with pain!
* * * LOW HITPOINT WARNING * * *
The meat berserker convulses!
You hear a shout!
The eight-headed meat hydra calls on the powers of darkness!
The eight-headed meat hydra convulses!
Your body is wracked with pain!
* * * LOW HITPOINT WARNING * * *
The eight-headed meat hydra convulses!
The bag of meat convulses! x5
Something is bathed in an unholy light!
The tyrant is engulfed in blazing flames.
The tyrant touches you.
* * * LOW HITPOINT WARNING * * *
You feel drained.
* * * LOW HITPOINT WARNING * * *
The sculptor of flesh hits you with a +9 great sword!!!
You die...

#.. ...# #.. ...#
. .###.. ...###..
......###......
......_.....
#.))..# . .
#_{Xx_# .o.
....#§XzL§#ooo..
....MODX§@§○.D...
.....§.###zo.....
..###.. °x☼###..
. #.. ...# . #..
...# ...


..MDD .... ...X .... You could see 2 accurseds, a tyrant, 4 eight-headed meat
hydras, 2 sculptors of flesh, 4 large abominations, a meat berserker (berserk),
a small abomination, 5 bags of meat and a crawling corpse.

Vanquished Creatures
  Sigmund (D)
  2 hell beasts (D)
  4 royal mummies (D)
  A wraith (D)
  Harold (D)
  10 vampire knights (D)
  36 ogres (D)
  7 two-headed ogres (D)
  5 liches (D)
  29 orcs (D)
  A phantom (D)
  4 skeletal warriors (D)
  A tentacled starspawn (D)
  A small abomination (D)
  A thrashing horror (D)
  9 large abominations (D)
  A crawling corpse (D)
  2 starspawn tentacles (D)
116 creatures vanquished.

Vanquished Creatures (others)
  A two-headed ogre (D)
  4 crawling corpses (D)
5 creatures vanquished.

Grand Total: 121 creatures vanquished

Notes
Turn   | Place    | Note
-------+----------+-------------------------------------------
     0 | D        | Found the +∞ Axe of Woe
     0 | D        | Groucho the Demonspawn Abyssal Knight began the quest for
                  | the Orb.
     0 | D        | Reached XP level 1. HP: 18/18 MP: 2/2
     2 | D        | Noticed a bag of meat
     3 | D        | Noticed a bag of meat
     4 | D        | Fell from the grace of Lugonu
     4 | D        | Became a worshipper of Makhleb the Destroyer
     5 | D        | Noticed a bag of meat
     8 | D        | Noticed a meat berserker
    10 | D        | Killed a bag of meat
    10 | D        | Killed a bag of meat
    10 | D        | Reached * piety under Makhleb
    10 | D        | Noticed a meat berserker
    11 | D        | Reached skill level 15 in Fighting
    11 | D        | Gained mutation: Your flesh is cold resistant. (rC+)
                  | [demonic ancestry]
    11 | D        | Reached XP level 2. HP: 44/44 MP: 2/12
    11 | D        | Reached XP level 3. HP: 50/50 MP: 2/14
    11 | D        | Gained mutation: You are immune to miasma. [demonic
                  | ancestry]
    11 | D        | Reached XP level 4. HP: 57/57 MP: 2/15
    11 | D        | Gained mutation: You have large cloven feet. [demonic
                  | ancestry]
    11 | D        | Reached XP level 5. HP: 63/63 MP: 2/17
    11 | D        | Gained mutation: You are partially covered in yellow
                  | scales. (AC +2) [demonic ancestry]
    11 | D        | Reached XP level 6. HP: 70/70 MP: 2/18
    11 | D        | Gained mutation: You have hoof-like feet. [demonic
                  | ancestry]
    11 | D        | Reached XP level 7. HP: 76/76 MP: 2/20
    11 | D        | Reached XP level 8. HP: 83/83 MP: 2/21
    11 | D        | Reached XP level 9. HP: 89/89 MP: 2/22
    11 | D        | Reached XP level 10. HP: 96/96 MP: 2/23
    11 | D        | Gained mutation: You are immune to freezing clouds.
                  | [demonic ancestry]
    11 | D        | Reached XP level 11. HP: 102/102 MP: 2/24
    11 | D        | Gained mutation: Your magical and physical power is
                  | slightly enhanced at high health. [demonic ancestry]
    11 | D        | Reached XP level 12. HP: 110/110 MP: 2/25
    11 | D        | Killed a bag of meat
    12 | D        | Reached skill level 15 in Axes
    12 | D        | Reached skill level 15 in Armour
    12 | D        | Reached skill level 15 in Dodging
    12 | D        | Reached XP level 13. HP: 119/119 MP: 2/27
    12 | D        | Killed a meat berserker
    12 | D        | Noticed a meat berserker
    12 | D        | Noticed a bag of meat
    13 | D        | Reached XP level 14. HP: 64/131 MP: 2/29
    13 | D        | Killed a meat berserker
    13 | D        | Reached ** piety under Makhleb
    13 | D        | Noticed a meat berserker
    14 | D        | Gained mutation: You may emit foul miasma when damaged in
                  | melee. [demonic ancestry]
    14 | D        | Reached XP level 15. HP: 70/141 MP: 2/31
    14 | D        | Noticed a meat berserker
    14 | D        | Noticed a meat berserker
    15 | D        | Killed a meat berserker
    15 | D        | Noticed a meat berserker
    16 | D        | Gained mutation: A meltable icy envelope protects you from
                  | harm. (AC +0) [demonic ancestry]
    16 | D        | Reached XP level 16. HP: 76/152 MP: 3/33
    16 | D        | Killed a meat berserker
    16 | D        | Reached *** piety under Makhleb
    16 | D        | Noticed a meat berserker
    17 | D        | Reached skill level 27 in Invocations
    17 | D        | Gained mutation: You have hooves in place of feet. [demonic
                  | ancestry]
    17 | D        | Reached XP level 17. HP: 128/165 MP: 3/34
    18 | D        | Killed a meat berserker
    19 | D        | Killed a meat berserker
    19 | D        | Killed a meat berserker
    19 | D        | Reached **** piety under Makhleb
    20 | D        | Reached skill level 27 in Fighting
    20 | D        | Reached XP level 18. HP: 182/182 MP: 4/35
    20 | D        | Killed a meat berserker
    21 | D        | Reached skill level 27 in Axes
    21 | D        | Reached skill level 27 in Armour
    21 | D        | Reached skill level 27 in Dodging
    21 | D        | Reached skill level 1 in Short Blades
    21 | D        | Reached skill level 1 in Long Blades
    21 | D        | Reached skill level 1 in Maces & Flails
    21 | D        | Reached skill level 1 in Polearms
    21 | D        | Reached skill level 1 in Staves
    21 | D        | Reached skill level 1 in Slings
    21 | D        | Reached skill level 1 in Bows
    21 | D        | Reached skill level 1 in Crossbows
    21 | D        | Reached skill level 1 in Throwing
    21 | D        | Reached skill level 1 in Shields
    21 | D        | Reached skill level 1 in Unarmed Combat
    21 | D        | Reached skill level 1 in Spellcasting
    21 | D        | Reached skill level 1 in Conjurations
    21 | D        | Reached skill level 1 in Hexes
    21 | D        | Reached skill level 1 in Summonings
    21 | D        | Reached skill level 1 in Necromancy
    21 | D        | Reached skill level 1 in Translocations
    21 | D        | Reached skill level 1 in Transmutations
    21 | D        | Reached skill level 1 in Fire Magic
    21 | D        | Reached skill level 1 in Ice Magic
    21 | D        | Reached skill level 1 in Air Magic
    21 | D        | Reached skill level 1 in Earth Magic
    21 | D        | Reached skill level 1 in Poison Magic
    21 | D        | Reached skill level 1 in Evocations
    21 | D        | Reached XP level 19. HP: 189/189 MP: 4/36
    21 | D        | Noticed a meat berserker
    21 | D        | Noticed a meat berserker
    22 | D        | Noticed a meat berserker
    24 | D        | Reached ***** piety under Makhleb
    25 | D        | Reached skill level 5 in Short Blades
    25 | D        | Reached skill level 5 in Long Blades
    25 | D        | Reached skill level 5 in Polearms
    25 | D        | Reached skill level 5 in Staves
    25 | D        | Reached skill level 5 in Slings
    25 | D        | Reached skill level 5 in Crossbows
    25 | D        | Reached skill level 5 in Shields
    25 | D        | Reached skill level 5 in Conjurations
    25 | D        | Reached skill level 5 in Hexes
    25 | D        | Reached skill level 5 in Summonings
    25 | D        | Reached skill level 5 in Necromancy
    25 | D        | Reached skill level 5 in Transmutations
    25 | D        | Reached skill level 5 in Fire Magic
    25 | D        | Reached skill level 5 in Ice Magic
    25 | D        | Reached skill level 5 in Poison Magic
    25 | D        | Reached skill level 5 in Evocations
    25 | D        | Noticed a destroyer
    26 | D        | Killed a meat berserker
    26 | D        | Noticed a meat berserker
    26 | D        | Noticed a destroyer
    27 | D        | Reached XP level 20. HP: 197/197 MP: 5/37
    27 | D        | Killed a meat berserker
    27 | D        | Killed a meat berserker
    27 | D        | Killed a destroyer
    28 | D        | Reached skill level 10 in Conjurations
    28 | D        | Reached skill level 10 in Hexes
    28 | D        | Reached skill level 10 in Summonings
    28 | D        | Reached skill level 10 in Poison Magic
    28 | D        | Reached skill level 10 in Evocations
    28 | D        | Reached XP level 21. HP: 204/204 MP: 5/38
    29 | D        | Killed a destroyer
    30 | D        | Noticed a large bag of meat
    30 | D        | Noticed a large bag of meat
    34 | D        | Gained mutation: You are mostly covered in yellow scales.
                  | (AC +3) [demonic ancestry]
    34 | D        | Reached XP level 22. HP: 212/212 MP: 7/39
    34 | D        | Noticed The Servant
    35 | D        | Noticed a destroyer
    38 | D        | Killed a large bag of meat
    39 | D        | Reached skill level 15 in Necromancy
    39 | D        | Killed a destroyer
    40 | D        | Gained mutation: You are completely covered in yellow
                  | scales. (AC +4, rCorr) [demonic ancestry]
    40 | D        | Reached XP level 23. HP: 97/219 MP: 8/40
    40 | D        | Killed a large bag of meat
    41 | D        | Reached skill level 15 in Conjurations
    41 | D        | Reached skill level 15 in Hexes
    41 | D        | Reached skill level 15 in Summonings
    41 | D        | Reached skill level 15 in Poison Magic
    41 | D        | Reached skill level 15 in Evocations
    43 | D        | Noticed a destroyer
    44 | D        | Noticed a tyrant
    44 | D        | Killed The Servant
    45 | D        | Reached skill level 15 in Short Blades
    45 | D        | Reached skill level 15 in Long Blades
    45 | D        | Reached skill level 15 in Maces & Flails
    45 | D        | Reached skill level 15 in Polearms
    45 | D        | Reached skill level 15 in Staves
    45 | D        | Reached skill level 15 in Slings
    45 | D        | Reached skill level 15 in Bows
    45 | D        | Reached skill level 15 in Crossbows
    45 | D        | Reached skill level 15 in Throwing
    45 | D        | Reached skill level 15 in Shields
    45 | D        | Reached skill level 15 in Unarmed Combat
    45 | D        | Reached skill level 15 in Spellcasting
    45 | D        | Reached skill level 15 in Translocations
    45 | D        | Reached skill level 15 in Transmutations
    45 | D        | Reached skill level 15 in Fire Magic
    45 | D        | Reached skill level 15 in Ice Magic
    45 | D        | Reached skill level 15 in Air Magic
    45 | D        | Reached skill level 15 in Earth Magic
    46 | D        | Gained mutation: Your magical and physical power is
                  | enhanced at high health. [demonic ancestry]
    46 | D        | Reached XP level 24. HP: 147/227 MP: 9/42
    48 | D        | Killed a destroyer
    51 | D        | Noticed a tyrant
    53 | D        | Noticed a destroyer
    53 | D        | Killed a tyrant
    54 | D        | Reached XP level 25. HP: 192/234 MP: 11/44
    55 | D        | Noticed an accursed
    57 | D        | Gained mutation: You frequently emit foul miasma when
                  | damaged in melee. [demonic ancestry]
    57 | D        | Reached XP level 26. HP: 232/242 MP: 12/45
    57 | D        | Killed a destroyer
    57 | D        | Reached ****** piety under Makhleb
    58 | D        | Noticed a large bag of meat
    58 | D        | Noticed a tyrant
    58 | D        | Noticed an accursed
    60 | D        | Killed a tyrant
    61 | D        | Killed a tyrant
    62 | D        | Gained mutation: Your magical and physical power is greatly
                  | enhanced at high health. [demonic ancestry]
    62 | D        | Reached XP level 27. HP: 239/249 MP: 13/46
    62 | D        | Noticed an accursed
    63 | D        | Noticed a dread
    63 | D        | Noticed The Captor
    63 | D        | Noticed an accursed
    64 | D        | Killed an accursed
    66 | D        | Noticed a meat beast
    67 | D        | Killed a large bag of meat
    68 | D        | Killed an accursed
    68 | D        | Killed a meat beast
    69 | D        | Noticed a tyrant
    70 | D        | Killed a dread
    70 | D        | Killed The Captor
    70 | D        | Noticed a destroyer
    70 | D        | Noticed a large bag of meat
    71 | D        | Reached skill level 27 in Necromancy
    71 | D        | Noticed a destroyer
    71 | D        | Noticed a large bag of meat
    72 | D        | Noticed a destroyer
    74 | D        | Killed a tyrant
    74 | D        | Killed an accursed
    77 | D        | Reached skill level 27 in Hexes
    77 | D        | Reached skill level 27 in Summonings
    77 | D        | Reached skill level 27 in Poison Magic
    77 | D        | Killed a destroyer
    77 | D        | Noticed a large bag of meat
    78 | D        | Reached skill level 27 in Conjurations
    78 | D        | Reached skill level 27 in Evocations
    79 | D        | Killed a large bag of meat
    79 | D        | Noticed a destroyer
    80 | D        | Killed a large bag of meat
    80 | D        | Noticed a meat beast
    81 | D        | Reached skill level 27 in Short Blades
    81 | D        | Reached skill level 27 in Long Blades
    81 | D        | Reached skill level 27 in Maces & Flails
    81 | D        | Reached skill level 27 in Polearms
    81 | D        | Reached skill level 27 in Staves
    81 | D        | Reached skill level 27 in Slings
    81 | D        | Reached skill level 27 in Bows
    81 | D        | Reached skill level 27 in Crossbows
    81 | D        | Reached skill level 27 in Throwing
    81 | D        | Reached skill level 27 in Shields
    81 | D        | Reached skill level 27 in Unarmed Combat
    81 | D        | Reached skill level 27 in Spellcasting
    81 | D        | Reached skill level 27 in Translocations
    81 | D        | Reached skill level 27 in Transmutations
    81 | D        | Reached skill level 27 in Fire Magic
    81 | D        | Reached skill level 27 in Ice Magic
    81 | D        | Reached skill level 27 in Air Magic
    81 | D        | Reached skill level 27 in Earth Magic
    81 | D        | Killed a large bag of meat
    81 | D        | Noticed a tyrant
    82 | D        | Killed an accursed
    82 | D        | Noticed a large bag of meat
    83 | D        | Reached skill level 27 in Stealth
    83 | D        | Killed a destroyer
    83 | D        | Noticed a destroyer
    84 | D        | Killed a meat beast
    84 | D        | Noticed a large bag of meat
    84 | D        | Noticed a dread
    85 | D        | Killed a destroyer
    85 | D        | Noticed a tyrant
    87 | D        | Killed a destroyer
    87 | D        | Killed a large bag of meat
    88 | D        | Killed a destroyer
    88 | D        | Killed a large bag of meat
    89 | D        | HP: 12/249 [tyrant/the air (12)]
    90 | D        | Noticed an accursed
    91 | D        | Killed a tyrant
    91 | D        | Noticed a meat beast
    92 | D        | Noticed an accursed
    92 | D        | HP: 5/249 [??? (2)]
    92 | D        | HP: 2/247 [tyrant (1)]
    92 | D        | Annihilated by a sculptor of flesh

Illustrated notes

Levels and vault maps discovered:
D:        meatsprint

Skill      XL: |  1  2  3  4  5  6  7  8  9 10 11 12 13 14 15 16 17 18 19 20 21 22 23 24 25 26 27 |
---------------+----------------------------------------------------------------------------------+-----
Fighting       | 15 16 18 20 21 23 27 | 27.0
Axes           | 14 15 17 18 20 22 25 27 | 27.0
Armour         | 14 15 17 18 20 22 25 27 | 27.0
Dodging        | 14 15 17 18 20 22 25 27 | 27.0
Invocations    | 19 20 22 24 26 27 | 27.0
Short Blades   | 1 6 9 12 13 15 17 18 19 27 | 27.0
Long Blades    | 1 6 9 12 13 15 17 18 19 27 | 27.0
Maces & Flails | 1 6 9 12 13 15 17 18 19 27 | 27.0
Polearms       | 1 6 9 12 13 15 17 18 19 27 | 27.0
Staves         | 1 6 9 12 13 15 17 18 19 27 | 27.0
Slings         | 1 6 9 12 13 15 17 18 19 27 | 27.0
Bows           | 1 6 9 11 13 15 17 18 19 27 | 27.0
Crossbows      | 1 6 9 12 13 15 17 18 19 27 | 27.0
Throwing       | 1 6 9 12 13 15 16 18 19 27 | 27.0
Shields        | 1 6 9 11 13 15 16 18 19 27 | 27.0
Unarmed Combat | 1 6 9 12 13 15 17 18 19 27 | 27.0
Spellcasting   | 1 6 9 12 13 15 17 18 19 27 | 27.0
Conjurations   | 1 7 10 12 14 16 18 19 21 27 | 27.0
Hexes          | 1 7 10 13 14 16 18 19 21 27 | 27.0
Summonings     | 1 7 10 13 14 16 18 19 21 27 | 27.0
Necromancy     | 1 7 11 13 15 17 19 21 22 27 | 27.0
Translocations | 1 6 9 12 13 15 17 18 19 27 | 27.0
Transmutations | 1 6 9 12 13 15 17 18 19 27 | 27.0
Fire Magic     | 1 6 9 12 13 15 17 18 19 27 | 27.0
Ice Magic      | 1 6 9 12 13 15 17 18 19 27 | 27.0
Air Magic      | 1 6 9 12 13 15 17 18 19 27 | 27.0
Earth Magic    | 1 6 9 11 13 15 16 18 19 27 | 27.0
Poison Magic   | 1 7 10 13 14 16 18 19 21 27 | 27.0
Evocations     | 1 7 10 12 14 16 18 19 21 27 | 27.0
Stealth        | 27 | 27.0

Action                   |  1- 3 |  4- 6 |  7- 9 | 10-12 | 13-15 | 16-18 | 19-21 | 22-24 | 25-27 || total
-------------------------+-------+-------+-------+-------+-------+-------+-------+-------+-------++-------
Melee: Executioner's axe |     1 |       |       |     1 |     3 |     4 |     6 |    11 |    37 ||    63
Invok: Greater Servant o |       |       |       |       |       |       |     3 |     4 |     1 ||     8
 Stab: Distracted        |       |       |       |       |       |       |     1 |       |       ||     1
Armor: Leather armour    |       |       |       |       |       |       |       |       |     1 ||     1
Dodge: Dodged            |       |       |       |       |       |       |       |     2 |     5 ||     7
